 Dungeon Crawl Stone Soup version 0.31-a0-1363-g282adc6 (webtiles) character file.

Game seed: 1190216784541131162

2145838 Wizard1ke the Meteorologist (level 27, 195/195 HPs)
             Began as a Djinni Alchemist on Dec 23, 2023.
             Was the Champion of Hepliaklqana.
             Escaped with the Orb
             ... and 4 runes
             ... and 1 gem!
             The game lasted 03:03:16 (85974 turns).

Wizard1ke the Meteorologist (Djinni Alchemist)     Turns: 85974, Time: 03:03:17

Health: 195/195    AC: 10    Str:  7    XL:     27
Gold:   4358       EV:  9    Int: 34    God:    Hepliaklqana [******] SH: 36 Dex: 15

rFire   + + .        T - staff of air
rCold   + + .        v - +18 shield of the Gong {Loud rN+ Will+ rCorr EV-5}
rNeg    + . .        M - +2 robe "Paxkocw" {rElec Str-4 Archmagi}
rPois   ∞            R - +2 helmet of Ygaq {+Inv rC+++ Str-3 Dex-5}
rElec   +            Z - scarf {repulsion}
rCorr   +            n - +2 pair of gloves {Dex+3}
SInv    .            (boots unavailable)
Will    ++++.        W - amulet of regeneration
Stlth   +            h - +6 ring of strength
HPRegen 1.32/turn    i - ring of Limikhloa {Will+ Str+3 Int+6}
MPRegen 0.00/turn

%: repel missiles, archmagi
@: flying, studying 4 skills
A: reduced essence, sickness immunity, fire resistance 2, cold vulnerability 1,
float, innate caster, HP casting, extra vitality 1, weak 1
0: Orb of Zot
}: 4/15 runes: serpentine, barnacled, slimy, silver
a: Renounce Religion, Evoke Invisibility, Recall Ancestor, Ancestor Identity,
Transference, Idealise


You escaped.
You worshipped Hepliaklqana.
Hepliaklqana was exalted by your worship.
You visited 11 branches of the dungeon, and saw 53 of its levels.
You also visited: Gauntlet and Wizlab.

You collected 8333 gold pieces.
You spent 3975 gold pieces at shops.

Inventory:

Missiles
 x - 4 throwing nets
Armour
 n - a +2 pair of gloves of dexterity (worn)
 v - the +18 shield of the Gong (worn) {Loud rN+ Will+ rCorr EV-5}
   (You bought it in a shop on level 3 of the Dungeon)

   Loud:      It is deafeningly noisy when blocking attacks.
   EV-5:      It affects your evasion (-5).
   rN+:       It protects you from negative energy.
   Will+:     It increases your willpower.
   rCorr:     It protects you from acid and corrosion.
 C - the +8 ring mail of Analysis {rElec rF+ Str+3 Dex+4}
   (You found it on level 6 of the Dungeon)

   Str+3:     It affects your strength (+3).
   Dex+4:     It affects your dexterity (+4).
   rF+:       It protects you from fire.
   rElec:     It insulates you from electricity.
 D - a +0 tower shield of cold resistance
 M - the +2 robe "Paxkocw" (worn) {rElec Str-4 Archmagi}
   (You took it off a deep elf annihilator on level 13 of the Dungeon)

   Str-4:     It affects your strength (-4).
   rElec:     It insulates you from electricity.
   Archmagi:  It increases the power of your magical spells.
 R - the +2 helmet of Ygaq (worn) {+Inv rC+++ Str-3 Dex-5}
   (You found it in a Gauntlet)

   Str-3:     It affects your strength (-3).
   Dex-5:     It affects your dexterity (-5).
   rC+++:     It renders you almost immune to cold.
   +Inv:      It lets you turn invisible.
 Z - a scarf of repulsion (worn)
Magical Staves
 j - a staff of earth
 G - a staff of fire
 T - a staff of air (weapon)
Jewellery
 b - the amulet of the Four Winds {rN+ Will+++ Clar}
   (You took it off an orc knight on level 5 of the Vaults)

   [amulet of nothing]

   rN+:       It protects you from negative energy.
   Will+++:   It greatly increases your willpower.
   Clar:      It protects you from confusion, rage, mesmerisation and fear.
 h - a +6 ring of strength (left hand)
 i - the ring of Limikhloa (right hand) {Will+ Str+3 Int+6}
   (You bought it in a shop on level 1 of the Vaults)

   [ring of willpower]

   Str+3:     It affects your strength (+3).
   Int+6:     It affects your intelligence (+6).
   Will+:     It increases your willpower.
 t - the amulet of Duobbud {Reflect ^Fragile rC- rN+ Str+9 SH+5}
   (You took it off a deep elf annihilator on level 3 of the Elven Halls)

   [amulet of reflection]

   Reflect:   It reflects blocked missile attacks.
   Str+9:     It affects your strength (+9).
   rC-:       It makes you vulnerable to cold.
   rN+:       It protects you from negative energy.
   ^Fragile:  It will be destroyed if unequipped.
   SH+5:      It affects your SH (+5).
 K - a +6 ring of strength
 W - an amulet of regeneration (around neck)
Wands
 f - a wand of mindburst (37)
 g - a wand of light (31)
 o - a wand of polymorph (31)
 r - a wand of digging (2)
 u - a wand of roots (48)
 y - a wand of paralysis (65)
 S - a wand of flame (22)
Scrolls
 a - 3 scrolls of immolation
 c - 17 scrolls of teleportation
 k - 5 scrolls of poison
 q - 5 scrolls of blinking
 s - 9 scrolls of vulnerability
 w - 8 scrolls of fear
 A - 8 scrolls of silence {!r}
 B - 2 scrolls of revelation
 H - 6 scrolls of fog
 N - 2 scrolls of summoning
 U - 10 scrolls of enchant armour
Potions
 d - 8 potions of haste
 e - 10 potions of attraction
 l - a potion of heal wounds
 m - 7 potions of lignification
 p - 3 potions of ambrosia
 z - 17 potions of curing
 F - 11 potions of mutation
 I - 4 potions of brilliance
 J - 7 potions of cancellation
 L - 8 potions of enlightenment
 V - 6 potions of resistance
 X - 2 potions of invisibility
Miscellaneous
 O - a phantom mirror
 P - a phial of floods
 Q - a lightning rod (4/4)
 Y - a box of beasts


   Skills:
 * Level 23.9 Fighting
 - Level 5.0 Dodging
 - Level 1.5 Stealth
 + Level 25.9 Shields
 O Level 27 Spellcasting
 O Level 27 Conjurations
 O Level 27 Hexes
   Level 0.0 Charms
 O Level 27 Summonings
 O Level 27 Necromancy
 O Level 27 Translocations
   Level 0.0 Transmutations
 O Level 27 Fire Magic
 O Level 27 Ice Magic
 O Level 27 Air Magic
 O Level 27 Earth Magic
 O Level 27 Alchemy
 - Level 9.6 Invocations
 - Level 15.0 Evocations


You knew the following spells:

 Your Spells              Type           Power      Damage    Failure   Level
a - Sting                 Conj/Alch      100%       1d9       0%          1
b - Mercury Vapours       Alch/Air       100%       N/A       0%          2
c - Mephitic Cloud        Conj/Alch/Air  100%       N/A       0%          3
d - Olgreb's Toxic Radia  Alch           100%       N/A       0%          4
e - Sticky Flame          Fire/Alch      100%       2d15      0%          4
f - Necrotise             Necr           100%       1d9       0%          1
g - Searing Ray           Conj           100%       2d8       0%          2
h - Stone Arrow           Conj/Erth      100%       3d13      0%          3
i - Animate Dead          Necr           100%       N/A       0%          4
j - Ignite Poison         Fire/Alch      100%       N/A       0%          4
k - Metabolic Englaciati  Hex/Ice        74%        N/A       0%          5
l - Conjure Ball Lightni  Conj/Air       87%        3x3d33    0%          6
m - Dispersal             Tloc           74%        N/A       0%          6
n - Malign Gateway        Summ/Tloc      74%        N/A       0%          7
o - Lehudib's Crystal Sp  Conj/Erth      74%        10d17     1%          8
p - Discord               Hex            74%        N/A       1%          8
q - Disjunction           Tloc           74%        N/A       1%          8
r - Chain Lightning       Conj/Air       87%        3d116     1%          9
Your spell library was empty.

Dungeon Overview and Level Annotations

Branches:
Dungeon (15/15)            Temple (1/1) D:5            Lair (5/5) D:8
 Shoals (4/4) Lair:3        Snake (4/4) Lair:2        Slime (5/5) Lair:4
    Orc (2/2) D:11            Elf (3/3) Orc:2        Vaults (5/5) D:14
  Crypt (0/3) Vaults:2     Depths (4/4) D:15            Zot (5/5) Depths:4
 WizLab (visited)         Gauntlet (visited)

Altars:
Ashenzari
Cheibriados
Dithmenos
Elyvilon
Fedhas
Gozag
Hepliaklqana
Makhleb
Nemelex Xobeh
Okawaru
Qazlal
Ru
Trog
Uskayaw
Wu Jian
Xom
Yredelemnul
Zin
The Shining One
Jiyva
Lugonu

Shops:
D:3 [   D:8 *   Orc:2 [?:*(   Elf:2 :!([   Elf:3 =   Shoals:3 (   Snake:2 [
Snake:3 *[:[*   Vaults:1 :=*(:   Vaults:2 [   Vaults:4 [   Depths:1 =
Depths:2 *

Portals:
Hell: Depths:1 Depths:2 Depths:3 Depths:4
Abyss: Lair:5 Depths:1 Depths:3
Pandemonium: Orc:2 Depths:2
Ziggurat: Depths:1

Annotations:
D:7 2 transporters, exclusion: ice statue, IAmTheZeppo's ghost, novice DsCj
D:13 3 runed translucent doors, exclusion: 3 doors, Qalethrint's ghost, journeyman DECj
D:14 6 transporters
D:15 3 runed translucent doors, exclusion: 3 doors, Izoitieg's ghost, journeyman MiAr; Ubbricas's ghost, adept OnWr
Lair:3 exclusion: 2 oklob plants
Shoals:1 2 runed translucent doors, exclusion: 2 doors, Dabir's ghost, adept DECj; Roxanne
Elf:2 5 runed translucent doors
Vaults:5 !vaults warning
Zot:1 36 runed doors, exclusion: 36 doors


Innate Abilities, Weirdness & Mutations

Your life essence is reduced to manifest your ancestor. (-10% HP)
You are immune to sickness and miasma.
You are immune to poison.
Your flesh is very heat resistant. (rF++)
You are vulnerable to cold. (rC-)
You float through the air rather than walking.
You learn spells naturally, not from books.
Your magical power is your life essence.
You have superior vitality. (+4 MHP)
You are weak. (Str -2)


Message History

Things that are here:
a +0 plate armour; a +0 battleaxe
There is a stone staircase leading up here.
You fly upwards.
There is a stone staircase leading down here.
You feel your willpower return.
There is a stone staircase leading up here.
You fly upwards.
Level annotation: 2 transporters, exclusion: ice statue, IAmTheZeppo's ghost, novice DsCj
There is a stone staircase leading down here.
There is a stone staircase leading up here.
You fly upwards.
There is a stone staircase leading down here.
HP restored.
There is a stone staircase leading up here.
You fly upwards.
There is a stone staircase leading down here.
There is a stone staircase leading up here.
You fly upwards.
There is a stone staircase leading down here.
There is a stone staircase leading up here.
You fly upwards.
There is a stone staircase leading down here.
You see here 8 stones.
You see here a +0 dagger.
Things that are here:
a +0 leather armour; a +3 flail You see here a +3 hand axe.
There is a stone staircase leading up here.
You fly upwards.
There is a stone staircase leading down here.
There is an open door here.
There is a stone staircase leading up here.
You fly upwards.
There is a stone staircase leading down here.
You see here a +0 club.
You reach down and open the door.
There is an open door here.
There is a staircase leading out of the dungeon here.
You have escaped!

..#........#.#.#.#
#..........#.#.#.#
###........#.#.#.#
###.......#.#.#.#
##.........#.#.#.#
...........#.#.#.#
..#........#.#.#.#
#..........#.#.#.#
#..........#...'@#
#..........#######
#.........###
##..........#
##....#.....#
............#
##....##....#
#.(..##....#
#...########


There were no monsters in sight!

Vanquished Creatures
  the Royal Jelly (Slime:5)
  Dissolution (Slime:5)
  3 dread liches
  6 orbs of fire
  Mara (Depths:3)
  2 ancient liches (Zot:5)
  2 juggernauts
  The ghost of Tuteene the Slayer, a master MiFi of Lugonu (Zot:3)
  Vashnia (Snake:4)
  A pandemonium lord (Zot:5)
  6 Killer Klowns
  Bai Suzhen (Elf:3)
  4 curse toes
  Norris (Depths:2)
  9 golden dragons
  2 bone dragons (Depths:4)
  4 electric golems
  A doom hound (Depths:3)
  Jorgrun (Snake:2)
  11 tentacled monstrosities
  2 liches
  A deep elf blademaster (Elf:3)
  23 Orb Guardians
  3 quicksilver dragons
  Grunn (Depths:3)
  4 sphinxes
  2 deep elf master archers (Elf:3)
  5 death cobs
  Polyphemus (Shoals:4)
  10 acid blobs (Slime:5)
  An ancient champion (Depths:4)
  The ghost of stone111 the End of an Era, an adept HuGl of Qazlal (Snake:2)
  13 shadow dragons
  7 nagarajas (Snake:4)
  Kirke (D:14)
  14 storm dragons
  3 tengu reavers
  8 fire giants
  5 draconian monks
  2 protean progenitors (Zot:3)
  4 rockslimes (Slime:5)
  15 azure jellies
  3 draconian scorchers
  19 vault wardens
  4 frost giants
  Louise (Shoals:4)
  5 deep elf sorcerers
  A balrug (Depths:2)
  8 draconian knights
  5 draconian shifters
  2 deep elf elementalists (Elf:3)
  A cacodemon (D:9)
  2 angels
  An orc warlord (Vaults:3)
  3 iron dragons
  A reaper (Depths:1)
  5 draconian stormcallers
  2 ghost moths
  4 very ugly things
  7 quicksilver oozes
  2 draconian annihilators (Zot:4)
  15 stone giants
  2 spriggan defenders
  11 ironbound thunderhulks
  5 war gargoyles
  15 ironbound preservers
  12 deep elf demonologists
  6 green draconians
  8 white draconians
  11 deep elf death magi
  2 lorocyprocas
  6 black draconians
  7 yellow draconians
  9 purple draconians
  A dire elephant (Vaults:2)
  2 apis (Shoals:4)
  8 deep elf annihilators
  10 red draconians
  A minotaur (Gauntlet)
  2 spark wasps (Depths:3)
  8 ettins
  An eidolon (Vaults:2)
  5 crystal guardians
  A green death (Depths:2)
  7 deep elf high priests
  Josephine (D:10)
  4 entropy weavers
  10 fire dragons
  4 merfolk javelineers (Shoals:4)
  13 merfolk impalers
  14 yaktaur captains
  5 great orbs of eyes
  6 salamander tyrants
  2 hydras
  8 peacekeepers
  15 vault guards
  3 rakshasas
  A demonspawn (Orc:2)
  A catoblepas (Shoals:4)
  4 spriggan air magi (Depths:3)
  2 ogre magi (Vaults:5)
  6 anacondas
  13 centaur warriors
  9 ironbound frosthearts
  An alligator snapping turtle (Shoals:2)
  6 boulder beetles
  4 ice dragons
  A two-headed ogre (D:14)
  6 merfolk aquamancers (Shoals:4)
  6 death yaks
  11 dancing weapons
  4 tengu warriors
  4 merfolk avatars
  A death knight (Vaults:2)
  A satyr (Shoals:3)
  5 deep troll earth magi
  2 thrashing horrors (Lair:5)
  11 orc high priests
  14 naga warriors
  An occultist (D:13)
  3 deep troll shamans
  9 hell knights
  Amaemon (Lair:3)
  14 deep elf knights
  7 shock serpents
  2 spriggan berserkers
  2 naga sharpshooters
  2 soul eaters
  A holy swine (Shoals:4)
  Nergalle (D:10)
  2 sun demons
  2 salamander mystics
  8 skeletal warriors
  2 cherubim (Shoals:4)
  7 skysharks
  A sixfirhy (D:9)
  4 iron trolls
  A sea snake (shapeshifter) (Depths:1)
  4 glowing orange brains
  3 flayed ghosts
  19 sea snakes
  A large abomination (Zot:5)
  14 deep elf archers
  35 deep trolls
  A sun moth (shapeshifter) (Vaults:5)
  A swamp dragon (shapeshifter) (Vaults:5)
  14 ironbound convokers
  15 harpies
  8 mana vipers
  21 deep elf pyromancers
  4 arcanists
  8 lindwurms
  7 naga ritualists
  7 phantasmal warriors
  7 necromancers
  11 orc knights
  8 orc sorcerers
  23 deep elf zephyrmancers
  21 ugly things
  A shining eye (Slime:3)
  11 fauns
  29 salamanders
  10 manticores
  8 cyclopes
  39 moths of wrath
  8 water nymphs
  9 elephants
  An eye of devastation (shapeshifter) (Depths:3)
  4 kobold blastminers (Orc:2)
  Maurice (D:10)
  An eye of devastation (Slime:5)
  A smoke demon (Depths:2)
  18 naga magi
  6 merfolk sirens
  20 vault sentinels
  A molten gargoyle (WizLab)
  38 black mambas
  10 guardian serpents
  Maggie (D:9)
  12 cane toads
  2 torpor snails (Lair:1)
  9 gargoyles
  3 orange demons
  2 rime drakes (Lair:1)
  6 komodo dragons
  2 ice devils
  3 unseen horrors (D:11)
  20 yaktaurs
  2 tengu conjurers
  A merfolk (shapeshifter) (Depths:3)
  3 meliai (D:13)
  7 hornets
  3 polar bears
  8 trolls
  A hellwing (Orc:2)
  A wind drake (Shoals:4)
  18 blink frogs (Lair:5)
  22 merfolk
  A tarantella (Vaults:4)
  Grinder (D:5)
  3 raiju
  8 snapping turtles
  A snapping turtle (shapeshifter) (Vaults:5)
  2 glass eyes
  31 slime creatures
  15 dream sheep
  An ettin zombie (Vaults:3)
  2 elf skeletons (Vaults:3)
  A vampire (D:11)
  7 spriggans
  8 water elementals
  5 air elementals
  A jumping spider (Vaults:3)
  4 shadows (Gauntlet)
  7 small abominations (Lair:5)
  4 fire elementals
  3 ynoxinuls
  7 wraiths
  A yak (shapeshifter) (Lair:5)
  3 wyverns
  49 yaks
  4 steam dragons
  3 wargs
  4 golden eyes
  2 basilisks
  A human (D:14)
  10 vampire mosquitoes
  A neqoxec (Gauntlet)
  A redback (shapeshifter) (Depths:3)
  5 redbacks
  4 chaos spawn
  37 nagas
  An acid dragon (D:13)
  13 water moccasins
  28 orc warriors
  2 black bears
  A sky beast (D:7)
  2 ice beasts
  An oni (shapeshifter) (D:13)
  6 wolves
  7 centaurs
  5 ogres
  6 boggarts
  A kobold brigand (D:7)
  6 earth elementals
  5 gnoll sergeants
  6 bullfrogs
  A scorpion (D:4)
  6 killer bees
  4 electric eels
  A howler monkey (D:4)
  3 hounds
  A jelly (D:6)
  A gnoll bouda (D:4)
  37 orc priests
  2 sleepcaps
  Natasha (thrice) (D:3)
  Terence (D:3)
  17 orc wizards
  2 iguanas
  3 lightning spires
  24 gnolls
  6 adders
  5 shadow imps
  A white imp (D:6)
  2 bombardier beetles (D:4)
  4 worms
  3 dart slugs
  93 orcs
  6 bats
  10 endoplasms
  2 giant cockroaches
  8 goblins
  9 hobgoblins
  11 jackals
  4 quokkas
  7 ball pythons
  4 frilled lizards
  11 kobolds
  3 rats
  6 aspiring fleshes (Zot:3)
  A butterfly (Lair:3)
1887 creatures vanquished.

Vanquished Creatures (collateral kills)
  2 orbs of fire
  A doom hound (Depths:3)
  3 tentacled monstrosities
  A titan (Vaults:5)
  Mlioglotl (Snake:1)
  A quicksilver dragon (Vaults:5)
  A deep elf blademaster (Elf:3)
  An acid blob (Slime:5)
  A shadow dragon (Vaults:5)
  4 storm dragons
  2 nagarajas
  A tengu reaver (Depths:3)
  Agnes (Snake:2)
  3 fire giants (Depths:3)
  2 deep elf elementalists (Elf:3)
  4 frost giants
  A draconian shifter (Depths:4)
  A draconian scorcher (Zot:4)
  2 vault wardens
  6 very ugly things
  7 ironbound preservers
  2 spriggan defenders (Depths:3)
  4 stone giants
  A war gargoyle (WizLab)
  A draconian annihilator (Zot:4)
  2 vampire knights
  A green draconian (Depths:4)
  An apis (Shoals:4)
  2 purple draconians
  A black draconian (Zot:4)
  Nessos (D:15)
  2 deep elf annihilators
  A crystal guardian (Vaults:1)
  3 ettins
  A merfolk impaler (Shoals:4)
  3 yaktaur captains
  A great orb of eyes (Vaults:1)
  A deep elf high priest (Vaults:5)
  An ice dragon (D:15)
  A hell beast (Depths:4)
  16 vault guards
  A hydra (Lair:5)
  A salamander tyrant (Snake:4)
  An ogre mage (Vaults:5)
  An alligator snapping turtle (Shoals:4)
  2 peacekeepers
  A spriggan air mage (Depths:2)
  A centaur warrior (Vaults:3)
  An anaconda (Snake:1)
  A merfolk aquamancer (Shoals:4)
  A two-headed ogre (shapeshifter) (Vaults:5)
  A dancing weapon (Elf:2)
  A boulder beetle (Vaults:1)
  4 ironbound frosthearts (Vaults:2)
  2 catoblepae
  Erica (D:10)
  A tengu warrior (D:14)
  2 death yaks
  A deep troll shaman (Depths:2)
  2 hell hogs (Depths:1)
  A spriggan berserker (Depths:4)
  2 deep troll earth magi
  2 thrashing horrors (Lair:5)
  5 naga warriors
  A spriggan (Depths:4)
  A naga sharpshooter (Snake:4)
  10 hell knights
  2 deep elf knights
  2 skeletal warriors
  A cherub (Shoals:4)
  2 iron trolls
  2 salamander mystics
  11 deep trolls
  A naga ritualist (Snake:4)
  2 deep elf archers (Elf:3)
  A flayed ghost (Depths:3)
  3 arcanists
  2 harpies (Shoals:4)
  4 deep elf pyromancers
  3 necromancers
  A phantasmal warrior (Vaults:5)
  An orc sorcerer (Orc:2)
  3 ironbound convokers
  18 ugly things
  A mana viper (Snake:2)
  3 cyclopes
  A salamander (Snake:1)
  A manticore (Shoals:2)
  3 fauns (Shoals:2)
  A large abomination (Lair:5)
  3 vault sentinels
  4 black mambas
  3 knights
  An eye of devastation (Slime:1)
  2 naga magi (Snake:3)
  A gargoyle (WizLab)
  2 smoke demons (Lair:5)
  12 yaktaurs
  A hellwing (Orc:2)
  A glass eye (Slime:4)
  2 hornets (Depths:4)
  4 merfolk
  3 dream sheep
  A blink frog (Lair:5)
  40 slime creatures
  A snapping turtle (Shoals:4)
  A ynoxinul (Orc:2)
  5 small abominations (Lair:5)
  2 yaks
  6 golden eyes
  A hog (D:14)
  4 water elementals
  3 redbacks
  A water moccasin (Lair:5)
  7 nagas
  8 orc warriors
  A black bear (Lair:1)
  2 bullfrogs
  6 orc priests
  3 orc wizards
  A gnoll (D:7)
  14 orcs
  52 ball lightnings
407 creatures vanquished.

Vanquished Creatures (others)
  A titan (Vaults:5)
  An eldritch tentacle (Vaults:1)
  A storm dragon (Zot:4)
  A draconian knight (Zot:4)
  An ironbound preserver (Vaults:5)
  A stone giant (Depths:2)
  A black draconian (Zot:4)
  A white draconian (Depths:4)
  3 vault guards (Vaults:5)
  A centaur warrior (Vaults:3)
  2 iron trolls (Depths:3)
  2 deep trolls (Depths:2)
  A deep elf pyromancer (Elf:3)
  An ugly thing (Depths:2)
  4 yaktaurs
  A glass eye (Depths:3)
  3 slime creatures
  4 humans (D:14)
  An ogre (Vaults:5)
  9 knights
  An orc wizard (Vaults:5)
  3 ancestors
  2 orcs
  A quokka (D:6)
  970 ball lightnings
1017 creatures vanquished.

Grand Total: 3311 creatures vanquished

Notes
Turn   | Place    | Note
-------+----------+-------------------------------------------
     0 | D:1      | Wizard1ke the Djinni Alchemist began the quest for the Orb.
     0 | D:1      | Wizard1ke set off with the following spells memorised:
                  | Sting, Mercury Vapours, Mephitic Cloud, Olgreb's Toxic
                  | Radiance, Sticky Flame.
     0 | D:1      | Reached XP level 1. HP: 15/15 MP: 0/0
   168 | D:1      | Reached XP level 2. HP: 9/21 MP: 0/0
   248 | D:1      | Found a faded altar of an unknown god.
   511 | D:1      | Reached XP level 3. HP: 22/25 MP: 0/0
   511 | D:1      | Learned a level 1 spell: Necrotise
  1022 | D:2      | Reached XP level 4. HP: 29/31 MP: 0/0
  1185 | D:2      | Found a glowing golden altar of the Shining One.
  1294 | D:2      | Reached XP level 5. HP: 31/35 MP: 0/0
  1294 | D:2      | Learned a level 2 spell: Searing Ray
  1610 | D:3      | Noticed Natasha
  1619 | D:3      | Found Ariur's Armour Shop.
  1620 | D:3      | Killed Natasha
  1642 | D:3      | Noticed Natasha
  1650 | D:3      | Killed Natasha
  1651 | D:3      | Reached skill level 5 in Spellcasting
  1651 | D:3      | Reached skill level 5 in Conjurations
  1651 | D:3      | Reached skill level 5 in Hexes
  1651 | D:3      | Reached skill level 5 in Summonings
  1651 | D:3      | Reached skill level 5 in Necromancy
  1651 | D:3      | Reached skill level 5 in Translocations
  1651 | D:3      | Reached skill level 5 in Fire Magic
  1651 | D:3      | Reached skill level 5 in Ice Magic
  1651 | D:3      | Reached skill level 5 in Air Magic
  1651 | D:3      | Reached skill level 5 in Earth Magic
  1651 | D:3      | Reached skill level 5 in Alchemy
  1756 | D:3      | Noticed Terence
  1775 | D:3      | Killed Terence
  1776 | D:3      | Reached XP level 6. HP: 21/40 MP: 0/0
  2118 | D:3      | Noticed Natasha
  2124 | D:3      | Killed Natasha
  2509 | D:4      | Found a sacrificial altar of Ru.
  2806 | D:4      | Reached XP level 7. HP: 32/45 MP: 0/0
  2806 | D:4      | Learned a level 3 spell: Stone Arrow
  4008 | D:5      | Entered Level 5 of the Dungeon
  4008 | D:5      | Found a staircase to the Ecumenical Temple.
  4015 | Temple   | Entered the Ecumenical Temple
  4021 | Temple   | Became a worshipper of Hepliaklqana the Forgotten
  4064 | D:5      | Reached XP level 8. HP: 43/50 MP: 0/0
  4344 | D:5      | Noticed Grinder
  4564 | D:5      | Found a glowing silver altar of Zin.
  4635 | D:5      | Found a snail-covered altar of Cheibriados.
  4814 | D:5      | Killed Grinder
  4914 | D:5      | Reached * piety under Hepliaklqana
  5076 | D:6      | Identified the +8 ring mail of Analysis {rElec rF+ Str+3
                  | Dex+4}
  5313 | D:6      | Identified the +3 war axe of Inquiry {vamp, *Rage rF++
                  | Int+2 Stlth+}
  5354 | D:6      | Found a white marble altar of Elyvilon.
  5358 | D:6      | Reached XP level 9. HP: 46/49 MP: 0/0
  5358 | D:6      | Learned a level 4 spell: Animate Dead
  5982 | D:7      | Noticed an ice statue
  5984 | D:7      | Noticed IAmTheZeppo's ghost (novice DsCj)
  5996 | D:7      | Found a transporter.
  6045 | D:7      | Found a transporter.
  6393 | D:8      | Found a staircase to the Lair.
  6395 | D:8      | Noticed a komodo dragon
  6405 | D:8      | Killed a komodo dragon
  6406 | D:8      | Reached skill level 10 in Spellcasting
  6406 | D:8      | Reached skill level 10 in Conjurations
  6406 | D:8      | Reached skill level 10 in Hexes
  6406 | D:8      | Reached skill level 10 in Summonings
  6406 | D:8      | Reached skill level 10 in Necromancy
  6406 | D:8      | Reached skill level 10 in Translocations
  6406 | D:8      | Reached skill level 10 in Fire Magic
  6406 | D:8      | Reached skill level 10 in Ice Magic
  6406 | D:8      | Reached skill level 10 in Air Magic
  6406 | D:8      | Reached skill level 10 in Earth Magic
  6406 | D:8      | Reached skill level 10 in Alchemy
  6460 | D:8      | Identified the +0 leather armour of Zudoewk {rF+}
  6554 | D:8      | Reached ** piety under Hepliaklqana
  6690 | D:8      | Reached XP level 10. HP: 43/62 MP: 0/0
  6829 | D:8      | Reached skill level 5 in Fighting
  7354 | D:8      | Found Eriaq's General Store.
  7358 | D:8      | Bought a scroll of identify for 28 gold pieces
  7358 | D:8      | Bought a potion of curing for 42 gold pieces
  7358 | D:8      | Bought a potion of mutation for 112 gold pieces
  7358 | D:8      | Bought a potion of ambrosia for 112 gold pieces
  7371 | D:8      | Identified a scroll of acquirement
  7630 | D:9      | Noticed Maggie
  7727 | D:9      | Killed Maggie
  7849 | D:9      | Reached *** piety under Hepliaklqana
  8458 | D:9      | Found a stormy altar of Qazlal.
  8488 | D:9      | Found an ornate altar of the Wu Jian Council.
  8555 | D:10     | Entered Level 10 of the Dungeon
  8555 | D:10     | Noticed Erica
  8559 | D:10     | Killed Erica
  8560 | D:10     | Reached skill level 5 in Dodging
  8560 | D:10     | Reached skill level 1 in Invocations
  8560 | D:10     | Reached skill level 1 in Evocations
  8968 | D:10     | Noticed Josephine
  8988 | D:10     | Reached XP level 11. HP: 50/71 MP: 0/0
  8988 | D:10     | Learned a level 4 spell: Ignite Poison
  9026 | D:10     | Killed Josephine
  9170 | D:10     | Found a broken altar of Ashenzari.
  9231 | D:10     | Noticed Maurice
  9242 | D:10     | Noticed Nergalle
  9245 | D:10     | Killed Maurice
  9575 | D:10     | Killed Nergalle
  9637 | D:10     | Reached **** piety under Hepliaklqana
 10031 | D:10     | Identified the +11 long sword "Culal" {freeze, rC+}
 10101 | D:11     | Reached skill level 5 in Invocations
 10101 | D:11     | Reached skill level 5 in Evocations
 10230 | D:11     | Found a gate leading to a gauntlet.
 10254 | Gauntlet | Entered a Gauntlet
 10254 | Gauntlet | Found a transporter.
 10254 | Gauntlet | Found a transporter.
 10259 | Gauntlet | Found a transporter.
 10260 | Gauntlet | Found a transporter.
 10260 | Gauntlet | Found a transporter.
 10261 | Gauntlet | Found a transporter.
 10263 | Gauntlet | Noticed a catoblepas
 10289 | Gauntlet | Noticed a soul eater
 10295 | Gauntlet | Found a transporter.
 10299 | Gauntlet | Found a transporter.
 10306 | Gauntlet | Found a runed translucent gate.
 10306 | Gauntlet | Found a runed translucent gate.
 10309 | Gauntlet | Found a runed translucent gate.
 10309 | Gauntlet | Found a transporter.
 10322 | Gauntlet | Noticed a glowing orange brain
 10325 | Gauntlet | Found a transporter.
 10325 | Gauntlet | Noticed a cyan ugly thing
 10326 | Gauntlet | Noticed a glowing orange brain
 10339 | Gauntlet | Found a transporter.
 10343 | Gauntlet | Found a transporter.
 10347 | Gauntlet | Found a runed translucent door.
 10347 | Gauntlet | Found a runed translucent door.
 10539 | Gauntlet | Remembered your ancestor Arammadara as a knight
 10808 | Gauntlet | Killed a soul eater
 11813 | Gauntlet | Killed a catoblepas
 11814 | Gauntlet | Reached XP level 12. HP: 57/76 MP: 0/0
 11914 | Gauntlet | Killed a glowing orange brain
 11923 | Gauntlet | Killed a glowing orange brain
 12072 | Gauntlet | Identified the +1 pair of boots of the Jabberwock {rPois
                  | Dex+3}
 12239 | Gauntlet | Noticed a minotaur
 12248 | Gauntlet | Killed a minotaur
 12401 | Gauntlet | Identified the +2 helmet of Ygaq {+Inv rC+++ Str-3 Dex-5}
 12605 | D:11     | Found a staircase to the Orcish Mines.
 13592 | Lair:1   | Entered Level 1 of the Lair of Beasts
 13937 | Lair:1   | Reached XP level 13. HP: 24/81 MP: 0/0
 13937 | Lair:1   | Learned a level 5 spell: Metabolic Englaciation
 14996 | Lair:1   | Noticed a catoblepas
 15007 | Lair:1   | Killed a catoblepas
 15663 | Lair:2   | Acquired a manual of Air Magic
 15665 | Lair:2   | Acquired a manual of Evocations
 15681 | Lair:2   | Found a staircase to the Snake Pit.
 16126 | Lair:2   | Reached ***** piety under Hepliaklqana
 16971 | Lair:3   | Reached skill level 10 in Evocations
 16974 | Lair:3   | Reached XP level 14. HP: 63/86 MP: 0/0
 17049 | Lair:3   | Noticed Amaemon
 17053 | Lair:3   | Killed Amaemon
 17167 | Lair:3   | Found a staircase to the Shoals.
 17862 | Lair:4   | Identified the +4 chain mail of Urhomus {rN+}
 17937 | Lair:4   | Found a viscous altar of Jiyva.
 17938 | Lair:4   | Found a staircase to the Slime Pits.
 18016 | Lair:4   | Reached skill level 15 in Air Magic
 18424 | Lair:5   | Entered Level 5 of the Lair of Beasts
 18808 | Lair:5   | Reached skill level 15 in Spellcasting
 18808 | Lair:5   | Reached skill level 15 in Conjurations
 18808 | Lair:5   | Reached skill level 15 in Hexes
 18808 | Lair:5   | Reached skill level 15 in Summonings
 18808 | Lair:5   | Reached skill level 15 in Necromancy
 18808 | Lair:5   | Reached skill level 15 in Translocations
 18808 | Lair:5   | Reached skill level 15 in Fire Magic
 18808 | Lair:5   | Reached skill level 15 in Ice Magic
 18808 | Lair:5   | Reached skill level 15 in Earth Magic
 18808 | Lair:5   | Reached skill level 15 in Alchemy
 19459 | Lair:5   | Reached ****** piety under Hepliaklqana
 20561 | Lair:5   | Reached XP level 15. HP: 59/92 MP: 0/0
 20561 | Lair:5   | Learned a level 6 spell: Conjure Ball Lightning
 20718 | Lair:5   | Found a corrupted altar of Lugonu.
 20718 | Lair:5   | Found a one-way gate to the infinite horrors of the Abyss.
 20813 | Lair:5   | Identified the +6 long sword of Jucs {holy, rCorr Stlth+}
 21874 | D:12     | Identified the +3 rapier of Arrival {flame, rElec Dex+8}
 22272 | Orc:1    | Entered Level 1 of the Orcish Mines
 22855 | Orc:2    | Entered Level 2 of the Orcish Mines
 23689 | Orc:2    | Reached skill level 1 in Shields
 24695 | Orc:2    | Reached skill level 5 in Shields
 25321 | Orc:2    | Found Kamox's General Store.
 25323 | Orc:2    | Found Ceiholics's Magic Scroll Shop.
 25844 | Orc:2    | Found a staircase to the Elven Halls.
 25876 | Orc:2    | Found Keeppid's Antique Armour Emporium.
 26692 | Orc:2    | Found Wibuifal's Book Shoppe.
 26692 | Orc:2    | Found Curub's Antique Weapon Emporium.
 26693 | Orc:2    | Found a one-way gate leading to the halls of Pandemonium.
 26814 | Orc:1    | Reached XP level 16. HP: 52/100 MP: 0/0
 27553 | D:3      | Bought the +18 shield of the Gong {Loud rN+ Will+ rCorr
                  | EV-5} for 1246 gold pieces
 27553 | D:3      | Found the +18 shield of the Gong {Loud rN+ Will+ rCorr
                  | EV-5}
 27952 | D:13     | Identified the +3 longbow of Valuable Assets {flame, rElec
                  | Str+3}
 27953 | D:13     | Noticed Qalethrint's ghost (journeyman DECj)
 28215 | D:13     | Identified the +2 robe "Paxkocw" {rElec Str-4 Archmagi}
 28405 | D:13     | Found a runed translucent gate.
 28405 | D:13     | Found a runed translucent gate.
 28405 | D:13     | Found a runed translucent gate.
 28666 | D:14     | Noticed Kirke
 28671 | D:14     | Killed Kirke
 28833 | D:14     | Found a hide-covered altar of Uskayaw.
 29285 | D:14     | Reached skill level 10 in Shields
 29828 | D:14     | Found a transporter.
 29835 | D:14     | Found a transporter.
 29881 | D:14     | Found a transporter.
 29906 | D:14     | Found a transporter.
 30165 | D:14     | Found a gate to the Vaults.
 30585 | D:14     | Found a transporter.
 30587 | D:14     | Found a transporter.
 30775 | D:15     | Entered Level 15 of the Dungeon
 31009 | D:15     | Identified the +5 long sword of the Sky {protect, Int+2}
 31031 | D:15     | Reached skill level 10 in Fighting
 31412 | D:15     | Noticed Nessos
 31418 | D:15     | Killed Nessos
 31602 | D:15     | Found a runed translucent gate.
 31606 | D:15     | Found a runed translucent gate.
 31607 | D:15     | Found a runed translucent gate.
 31610 | D:15     | Noticed Izoitieg's ghost (journeyman MiAr)
 31612 | D:15     | Noticed Ubbricas's ghost (adept OnWr)
 31612 | D:15     | Noticed Izoitieg's ghost (journeyman MiAr)
 32020 | D:15     | Identified the +3 short sword "Tiahion" {venom, rC+}
 32192 | D:15     | Found a staircase to the Depths.
 32755 | Snake:1  | Entered Level 1 of the Snake Pit
 32755 | Snake:1  | Noticed Mlioglotl
 32763 | Snake:1  | Killed Mlioglotl
 33872 | Snake:1  | Reached XP level 17. HP: 90/108 MP: 0/0
 33872 | Snake:1  | Learned a level 6 spell: Dispersal
 34399 | Snake:2  | Found Aklevoil's Armour Shoppe.
 34621 | Snake:2  | Noticed Jorgrun
 34625 | Snake:2  | Killed Jorgrun
 34823 | Snake:2  | Noticed Agnes
 34825 | Snake:2  | Killed Agnes
 35306 | Snake:2  | Found a large runed translucent door.
 35306 | Snake:2  | Noticed stone111's ghost (adept HuGl)
 35307 | Snake:2  | Found a large runed translucent door.
 35965 | Snake:2  | Killed stone111's ghost
 36028 | Snake:3  | Found Miokuv's Assorted Antiques.
 37359 | Snake:3  | Found Uzuidon's Assorted Antiques.
 37362 | Snake:3  | Found Xiryit's Antique Armour Shop.
 37362 | Snake:3  | Found Duaz's Book Boutique.
 37506 | Snake:3  | Bought a scroll labelled HIABOLO UREKE for 40 gold pieces
 37506 | Snake:3  | Bought a scroll labelled EGEMMYLEU for 40 gold pieces
 37506 | Snake:3  | Found Petto's Armour Boutique.
 37548 | Snake:3  | Bought a fuming dark potion for 24 gold pieces
 38526 | Snake:4  | Entered Level 4 of the Snake Pit
 38754 | Snake:4  | Reached XP level 18. HP: 88/117 MP: 0/0
 42228 | Snake:4  | Noticed Vashnia
 42233 | Snake:4  | Killed Vashnia
 42495 | Snake:4  | Got a serpentine rune of Zot
 42679 | Snake:4  | Identified the +10 great mace "Holu" {vamp, rF+ Str+3
                  | Int+5}
 42982 | Snake:4  | Reached XP level 19. HP: 96/126 MP: 0/0
 42982 | Snake:4  | Learned a level 7 spell: Malign Gateway
 43342 | Snake:4  | Identified the +1 hand axe of the Blessed Realm {flame,
                  | rPois rC+ rN+ Str+2}
 43616 | Shoals:1 | Entered Level 1 of the Shoals
 44803 | Shoals:1 | Noticed Roxanne
 45162 | Shoals:1 | Found a runed translucent door.
 45300 | Shoals:1 | Identified the +0 chain mail "Epsainul" {rPois Int+8 SInv
                  | Stlth-}
 45302 | Shoals:1 | Found the +3 pair of seven-league boots {Rampage+∞}
 45601 | Shoals:1 | Found a runed translucent door.
 45607 | Shoals:1 | Noticed Dabir's ghost (adept DECj)
 47996 | Shoals:3 | Reached skill level 15 in Shields
 48623 | Shoals:3 | Found Avvyir's Antique Weapon Shoppe.
 49353 | Shoals:4 | Entered Level 4 of the Shoals
 49513 | Shoals:4 | Reached skill level 15 in Fighting
 49873 | Shoals:4 | Noticed Polyphemus
 50264 | Vaults:1 | Entered Level 1 of the Vaults
 51187 | Vaults:1 | Reached XP level 20. HP: 99/134 MP: 0/0
 51345 | Vaults:1 | Found Xinivvin's Jewellery Shoppe.
 51348 | Vaults:1 | Found Nenwyif's Book Shoppe.
 52986 | Vaults:1 | Found Bafon's Book Boutique.
 53807 | Vaults:1 | Found Gorush's Weapon Shoppe.
 53860 | Vaults:1 | Found Kaschaisa's Assorted Antiques.
 55859 | Vaults:2 | Reached XP level 21. HP: 55/139 MP: 0/0
 55859 | Vaults:2 | Learned a level 8 spell: Lehudib's Crystal Spear
 56558 | Vaults:2 | Found Kuabres's Antique Armour Emporium.
 56850 | Vaults:2 | Identified the +1 mace of Osuw {holy, ^Fragile rPois Int+3
                  | SInv}
 56923 | Vaults:2 | Reached skill level 15 in Evocations
 57703 | Vaults:2 | Found a staircase to the Crypt.
 59017 | Vaults:1 | Bought the ring of Limikhloa {Will+ Str+3 Int+6} for 763
                  | gold pieces
 60824 | Vaults:4 | Found Weitifij's Armour Emporium.
 61234 | Vaults:4 | Noticed a dread lich
 61244 | Vaults:4 | Killed a dread lich
 61547 | Vaults:4 | Reached XP level 22. HP: 122/146 MP: 0/0
 63536 | Shoals:4 | Noticed Louise
 63541 | Shoals:4 | Killed Louise
 63738 | Shoals:4 | Reached skill level 27 in Air Magic
 63981 | Shoals:4 | Killed Polyphemus
 64155 | Shoals:4 | Found a glowing golden altar of the Shining One.
 64271 | Shoals:4 | Identified the +1 leather armour of Negation {rF+ rC+ SInv}
 64461 | Shoals:4 | Found a glowing silver altar of Zin.
 64593 | Shoals:4 | Found a white marble altar of Elyvilon.
 64621 | Shoals:4 | Got a barnacled rune of Zot
 64975 | Elf:1    | Entered Level 1 of the Elven Halls
 65104 | Elf:1    | Gained mutation: You are weak. (Str -2) [mutagenic glow]
 65137 | Elf:1    | Identified the +0 robe "Ozekizxe" {Str+4}
 65290 | Elf:1    | Reached XP level 23. HP: 144/151 MP: 0/0
 65290 | Elf:1    | Learned a level 8 spell: Discord
 65505 | Elf:1    | Paralysed by an air elemental for 1 turns
 65565 | Elf:1    | Found a stormy altar of Qazlal.
 66135 | Elf:2    | Found a magical portal.
 66138 | WizLab   | Entered Maxwell's Workshop
 66411 | WizLab   | Identified the ring "Jotemut" {Fire rN+}
 66515 | WizLab   | Identified the ring "Varoa" {Fire rN+ rCorr Str-3 Stlth+}
 66649 | WizLab   | Identified the +0 scale mail of Marbles {rPois rF- Int+2}
 66978 | Elf:2    | Found Fyreyff's Book Boutique.
 67080 | Elf:2    | Found a huge runed translucent gate.
 67080 | Elf:2    | Found a huge runed translucent gate.
 67080 | Elf:2    | Found a huge runed translucent gate.
 67080 | Elf:2    | Found a huge runed translucent gate.
 67081 | Elf:2    | Found a huge runed translucent gate.
 67227 | Elf:2    | Found Achuedasm's Distillery.
 67232 | Elf:2    | Bought a potion of haste for 160 gold pieces
 67232 | Elf:2    | Bought a potion of mutation for 128 gold pieces
 67232 | Elf:2    | Bought a potion of cancellation for 128 gold pieces
 67246 | Elf:2    | Identified the +0 bardiche "Ana Heno" {pain, rF+ Dex+3}
 67402 | Elf:2    | Found Ixeumpe's Antique Armour Boutique.
 67403 | Elf:2    | Paralysed by an air elemental for 1 turns
 67517 | Elf:2    | Found Waimioptu's Weapon Boutique.
 67762 | Elf:3    | Entered Level 3 of the Elven Halls
 67788 | Elf:3    | Noticed Bai Suzhen
 67798 | Elf:3    | Killed Bai Suzhen
 67944 | Elf:3    | Identified the +9 war axe "Wirph" {heavy, rElec Str+2}
 68115 | Elf:3    | Identified the +5 battleaxe of Wyrd {vamp, rC+}
 68312 | Elf:3    | Identified the +4 trident "Vaaps" {holy, rF+ Will+ Dex+2
                  | SInv}
 68312 | Elf:3    | Identified the ring "Sohaug" {Will+ rCorr}
 68480 | Elf:3    | Identified the +5 scimitar of Dominance {flame, rElec rPois
                  | Str-2}
 68529 | Elf:3    | Reached XP level 24. HP: 108/157 MP: 0/0
 68571 | Elf:3    | Identified the staff of the Screaming Jester {rPois Int+3
                  | Alchemy}
 68615 | Elf:3    | Identified the +10 sling "Uffid" {drain, Will+ rCorr Int+4}
 68737 | Elf:3    | Identified the amulet of Duobbud {Reflect ^Fragile rC- rN+
                  | Str+9 SH+5}
 68897 | Elf:3    | Identified the +1 shortbow "Gubbidiod" {heavy, ^Contam Fly
                  | rPois Int-3}
 68899 | Elf:3    | Identified the +4 scale mail of the Wumpus {rF+ Str+3
                  | Int+4}
 69262 | Elf:3    | Acquired 331 gold pieces
 69266 | Elf:3    | Acquired a manual of Fighting
 69485 | Elf:3    | Found Coatyagg's Jewellery Shoppe.
 69651 | Orc:2    | Bought a manual of Shields for 1040 gold pieces
 69680 | Orc:2    | Bought a scroll of blinking for 112 gold pieces
 69814 | Depths:1 | Entered Level 1 of the Depths
 70119 | Depths:1 | Found a bloodstained altar of Trog.
 70227 | Depths:1 | Found a gateway to Hell.
 70315 | Depths:1 | Found a one-way gateway to a ziggurat.
 70332 | Depths:1 | Found Gykik's Jewellery Emporium.
 70332 | Depths:1 | You are sucked into a shaft and drop 1 floor!
 70814 | Depths:2 | Noticed Norris
 70820 | Depths:2 | Killed Norris
 70876 | Depths:2 | Found Ywinuq's Assorted Antiques.
 71234 | Depths:2 | Noticed a juggernaut
 71240 | Depths:2 | Killed a juggernaut
 71882 | Depths:3 | Noticed Mara
 71886 | Depths:3 | Noticed Wizard1ke's illusion
 71890 | Depths:3 | Killed Mara
 72008 | Depths:3 | Reached XP level 25. HP: 169/169 MP: 0/0
 72008 | Depths:3 | Learned a level 8 spell: Disjunction
 72407 | Depths:3 | Noticed a juggernaut
 72410 | Depths:3 | Killed a juggernaut
 72702 | Depths:3 | Identified the +3 plate armour "Tyuhie" {Fly}
 72773 | Depths:3 | Found a shimmering altar of Xom.
 72970 | Depths:3 | Noticed Grunn
 73074 | Depths:3 | Killed Grunn
 73161 | Depths:4 | Entered Level 4 of the Depths
 73850 | Depths:4 | Found a gate to the Realm of Zot.
 74509 | Vaults:5 | Entered Level 5 of the Vaults
 74578 | Vaults:5 | Noticed a dread lich
 74585 | Vaults:5 | Killed a dread lich
 74598 | Vaults:5 | Reached XP level 26. HP: 120/180 MP: 0/0
 74762 | Vaults:5 | Identified the amulet of Iteetem {RegenMP Str+5 Int-3}
 75075 | Vaults:5 | Identified the +8 shortbow of Purpose {drain, Str+5 Dex+2}
 75150 | Vaults:5 | Acquired 661 gold pieces
 75151 | Vaults:5 | Acquired 1057 gold pieces
 75315 | Vaults:5 | Identified the ring "Hootrelo" {Ice rN+}
 75413 | Vaults:5 | Identified the +1 robe of the Trombone {rPois Str-3 Int+2}
 75752 | Vaults:5 | Identified the +5 ice dragon scales of Thoughtfulness
                  | {rPois rF- rC++ rN+}
 75790 | Vaults:5 | Identified the +11 great mace of Xioklo {freeze, *Rage Fly
                  | Will+++ Int+3}
 75834 | Vaults:5 | Got a silver rune of Zot
 75940 | Vaults:5 | Identified the +1 halberd "Hobimm" {spect, rC- Int+5}
 76544 | Slime:1  | Entered Level 1 of the Pits of Slime
 76874 | Slime:5  | Entered Level 5 of the Pits of Slime
 76878 | Slime:5  | Noticed Dissolution
 76894 | Slime:5  | Killed Dissolution
 77049 | Slime:5  | Noticed the Royal Jelly
 77184 | Slime:4  | Reached XP level 27. HP: 119/184 MP: 0/0
 77184 | Slime:4  | Learned a level 9 spell: Chain Lightning
 77312 | Slime:5  | Found a viscous altar of Jiyva.
 77335 | Slime:5  | Killed the Royal Jelly
 77359 | Slime:5  | Got a slimy rune of Zot
 77360 | Slime:5  | Identified the ring of the Wizarding Coward {rPois rF+ rN+
                  | MP-9}
 77367 | Slime:5  | Got a starry gem with 177 turns to spare
 77374 | Slime:5  | Identified the +4 great mace "Giub" {speed, rC- Will+
                  | Str+3}
 77429 | Slime:5  | Identified the +7 rapier of Taanuppome {heavy, Str+2 SInv}
 77430 | Slime:5  | Identified the +0 robe "Epunk" {Rampage Dex+2}
 77817 | Zot:1    | Entered Level 1 of the Realm of Zot
 77817 | Zot:1    | Found a huge runed gate.
 77818 | Zot:1    | Found a huge runed gate.
 77819 | Zot:1    | Found a huge runed gate.
 77819 | Zot:1    | Found a huge runed gate.
 77819 | Zot:1    | Found a huge runed gate.
 77820 | Zot:1    | Found a huge runed gate.
 77820 | Zot:1    | Found a huge runed gate.
 77820 | Zot:1    | Found a huge runed gate.
 77820 | Zot:1    | Found a huge runed gate.
 77821 | Zot:1    | Found a huge runed gate.
 77821 | Zot:1    | Found a huge runed gate.
 77822 | Zot:1    | Found a huge runed gate.
 77823 | Zot:1    | Found a huge runed gate.
 77824 | Zot:1    | Found a huge runed gate.
 77833 | Zot:1    | Found a huge runed gate.
 77833 | Zot:1    | Found a huge runed gate.
 77833 | Zot:1    | Found a huge runed gate.
 77833 | Zot:1    | Found a huge runed gate.
 77833 | Zot:1    | Found a huge runed gate.
 77833 | Zot:1    | Found a huge runed gate.
 77834 | Zot:1    | Found a huge runed gate.
 77835 | Zot:1    | Found a huge runed gate.
 77836 | Zot:1    | Found a huge runed gate.
 77844 | Zot:1    | Found a huge runed gate.
 77844 | Zot:1    | Found a huge runed gate.
 77844 | Zot:1    | Found a huge runed gate.
 77844 | Zot:1    | Found a huge runed gate.
 77844 | Zot:1    | Found a huge runed gate.
 77844 | Zot:1    | Found a huge runed gate.
 77845 | Zot:1    | Found a huge runed gate.
 77847 | Zot:1    | Found a huge runed gate.
 77848 | Zot:1    | Found a huge runed gate.
 77901 | Zot:1    | Found a huge runed gate.
 77901 | Zot:1    | Found a huge runed gate.
 77901 | Zot:1    | Found a huge runed gate.
 77901 | Zot:1    | Found a huge runed gate.
 77970 | Zot:1    | Noticed an orb of fire
 77973 | Zot:1    | Killed an orb of fire
 78402 | Zot:1    | Noticed an orb of fire
 78406 | Zot:1    | Killed an orb of fire
 79217 | Zot:2    | Noticed a Killer Klown
 80076 | Zot:2    | Killed a Killer Klown
 80571 | Zot:2    | Identified the +1 ring mail "Pesuik" {Will+ Int+7}
 81706 | Zot:3    | Noticed Tuteene's ghost (master MiFi)
 81828 | Zot:3    | Noticed an orb of fire
 81833 | Zot:3    | Killed an orb of fire
 82757 | Zot:3    | Found a runed translucent door.
 82934 | Zot:3    | Killed Tuteene's ghost
 83463 | Zot:4    | Noticed an orb of fire
 83470 | Zot:4    | Killed an orb of fire
 83625 | Zot:4    | Reached skill level 27 in Spellcasting
 83625 | Zot:4    | Reached skill level 27 in Conjurations
 83625 | Zot:4    | Reached skill level 27 in Hexes
 83625 | Zot:4    | Reached skill level 27 in Summonings
 83625 | Zot:4    | Reached skill level 27 in Necromancy
 83625 | Zot:4    | Reached skill level 27 in Translocations
 83625 | Zot:4    | Reached skill level 27 in Fire Magic
 83625 | Zot:4    | Reached skill level 27 in Ice Magic
 83625 | Zot:4    | Reached skill level 27 in Earth Magic
 83625 | Zot:4    | Reached skill level 27 in Alchemy
 84017 | Zot:5    | Entered Level 5 of the Realm of Zot
 84704 | Zot:5    | Noticed an ancient lich
 84707 | Zot:5    | Killed an ancient lich
 84715 | Zot:5    | Noticed an orb of fire
 84719 | Zot:5    | Killed an orb of fire
 84726 | Zot:5    | Noticed a Killer Klown
 84729 | Zot:5    | Killed a Killer Klown
 84859 | Zot:5    | Noticed a Killer Klown
 84865 | Zot:5    | Killed a Killer Klown
 84905 | Zot:5    | Noticed an ancient lich
 84910 | Zot:5    | Killed an ancient lich
 84913 | Zot:5    | Noticed an orb of fire
 84914 | Zot:5    | Noticed a Killer Klown
 84917 | Zot:5    | Killed a Killer Klown
 84919 | Zot:5    | Killed an orb of fire
 84919 | Zot:5    | Noticed an orb of fire
 84926 | Zot:5    | Noticed a dread lich
 84927 | Zot:5    | Killed an orb of fire
 84928 | Zot:5    | Killed a dread lich
 84956 | Zot:5    | Noticed a Killer Klown
 84959 | Zot:5    | Killed a Killer Klown
 85105 | Zot:5    | Noticed a Killer Klown
 85108 | Zot:5    | Killed a Killer Klown
 85237 | Zot:5    | Noticed an orb of fire
 85246 | Zot:5    | Killed an orb of fire
 85367 | Zot:5    | Got the Orb of Zot
 85380 | Zot:5    | Noticed Qotem the pandemonium lord
 85382 | Zot:5    | Killed Qotem the pandemonium lord
 85616 | Depths:1 | Noticed Vyakly the pandemonium lord
 85974 | D:$      | Escaped with the Orb!

Illustrated notes

Levels and vault maps discovered:
D:1:      wheals_arrival_linesprint, layout_rooms,
          shapermc_ecumenical_altar_totnotflames
D:2:      layout_basic, basic_altar
D:3:      layout_loops_ring, serial_shops, shop, uniq_terence, uniq_natasha
D:4:      layout_layer_cave, mainiacjoe_overflow_catwalk,
          kennysheep_orc_sif_temple, hangedman_minor_gate_pass
D:5:      layout_loops_cross, mainiacjoe_overflow_24_doors,
          mainiacjoe_overflow_alcove_1, minmay_temple_entry_butterflies,
          uniq_grinder
D:6:      layout_rooms, elyvilon_altar_4, nicolae_the_louvre
D:7:      layout_rooms, nzn_ghost_randoct
D:8:      layout_gridville, david_lair_shrubbed, serial_shops, shop,
          nicolae_underground_beach
D:9:      layout_cave_pools, mainiacjoe_overflow_two_lobes, uniq_maggie
D:10:     layout_loops_ring, mainiacjoe_overflow_surrounded_room, uniq_maurice,
          uniq_erica, uniq_nergalle, uniq_josephine
D:11:     layout_long_grid, orc_0_dummy, special_room [special_room_orc],
          gauntlet_entry_generic
D:12:     layout_stronghold, kiku_gazebo_pond_becter
D:13:     cheibrodos_wizards_tower, layout_basic, gammafunk_ghost_split
D:14:     layout_roguey, david_vaults_1,
          nicolae_uskayaw_murder_on_the_dancefloor, serial_nicolae_subway,
          nicolae_sub_station_stone, nicolae_sub_station_crystal,
          nicolae_sub_station_metal, uniq_kirke
D:15:     grunt_enter_depths_hoard, layout_basic, grunt_decor_one_mirror,
          gammafunk_ghost_cemetery, corexii_corridor_pit, lemuel_another_geyser,
          uniq_nessos
Temple:   eino_narrow_crystal_temple
Lair:1:   layout_regular_city, pdpol_lair_cavern_descent, grunt_megastairs_3
Lair:2:   layout_long_grid, minmay_snake_entry_guardpost_small, minivault_24,
          serial_bayou_pond_b, chequers_serial_rivers_room_b
Lair:3:   dpeg_oklob_gauntlet, layout_gridlike, nicolae_shoals_entry_flooding,
          lemuel_fruit_fields, uniq_amaemon
Lair:4:   layout_hall_layers, slime_entry_1
Lair:5:   hellmonk_lair_end_abyssal_woods, layout_misc_corridors
Shoals:1: nicolae_shoals_offshore_bank_account, layout_shoals,
          ebering_ghost_reflecting_pool, uniq_roxanne
Shoals:2: layout_shoals
Shoals:3: layout_shoals, serial_shops, nicolae_shop_just_a_little_nook
Shoals:4: shoals_end_hellmonk_holy_island, uniq_louise, uniq_polyphemus
Snake:1:  layout_cave_pods, uniq_mlioglotl
Snake:2:  layout_misc_corridors, ebering_ghost_disaster_area, serial_shops,
          nicolae_shop_tiny_statue_garden, uniq_jorgrun, uniq_agnes
Snake:3:  layout_misc_corridors, serial_bayou, serial_bayou_pond_b,
          serial_bayou_ford_a, serial_bayou_crossing, serial_bayou_shore_a,
          chequers_hall_statues_y, nicolae_stop_n_shop_2, minmay_shoptagon
Snake:4:  johnstein_snake_rune_scales, layout_cave_town,
          nicolae_snake_storage_room
Slime:1:  layout_caves
Slime:2:  layout_caves
Slime:3:  layout_caves
Slime:4:  layout_caves
Slime:5:  slime_pit, uniq_dissolution
Orc:1:    layout_caves, basic_altar
Orc:2:    pf_orc_diabolical, layout_diamond_mine, serial_shops, shop,
          lemuel_statue_altar, minmay_orc_temple_c
Elf:1:    elf_arrival_001, layout_geoelf_diagonals,
          kennysheep_underground_church, nicolae_elf_altarnating,
          grunt_megastairs_4, uniq_nikola
Elf:2:    elven_hall_of_blades_hangedman_alternative [nicolae_blade_lattice],
          layout_gridlike, serial_shops, nicolae_shop_advertising_works
          [nicolae_subvault_shop_adworks], shop, nicolae_shop_hallway_stairs,
          nicolae_shop_pleasant_corner_grove, mu_enter_wizlab_7, moated_statue,
          hangedman_elf_disciples
Elf:3:    grunt_elf_hall_diamonds, layout_onion_city, serial_shops, shop,
          uniq_bai_suzhen
Vaults:1: nicolae_vaults_specimen_jars, hangedman_vaults_hat,
          dpeg_vaults_monster_row, vaults_room_grunt_arrival_ludios, v_misc_9,
          nicolae_vaults_know_your_exits, hangedman_vaults_impose,
          nicolae_vaults_turnstiles, nicolae_vaults_closet_pinwheel_6,
          layout_vaults_omnibox, serial_shops, shop, shop,
          nicolae_shop_waterfront, nicolae_shop_crystal, shop
Vaults:2: nicolae_vaults_storage_closets_1, vaults_mumra_minichess,
          minmay_crypt_entry_simple_box, v_misc_23,
          vaults_mumra_minichess_inversion, ontoclasm_vaults_ring_small,
          nicolae_vaults_network_s, layout_vaults_chaotic_city, serial_shops,
          nicolae_shop_just_a_little_nook
Vaults:3: nicolae_vaults_tetromino_L_2, v_rooms_6, v_misc_30,
          nicolae_vaults_little_squares_2, v_misc_5, v_misc_9,
          nicolae_vaults_theta, vaults_dpeg_hooks,
          nicolae_vaults_mini_display_case, nicolae_vaults_apartment_1,
          ontoclasm_vaults_gateway, vaults_dpeg_ring, layout_vaults_quadrants
Vaults:4: dpeg_vaults_pockets_of_resistance, hangedman_vaults_capsules,
          grunt_vaults_funnel, v_misc_24, v_misc_33,
          nicolae_vaults_little_squares_4,
          nicolae_vaults_taking_the_gang_shopping, nicolae_vaults_wine_cellar,
          nicolae_vaults_house_2, nicolae_vaults_heart-shaped_vault,
          layout_vaults_omnicross
Vaults:5: serial_shops
Depths:1: layout_big_octagon, enter_ziggurat_f, abyss_entry_crystal,
          hellmouth_1, serial_shops, nicolae_shop_stone,
          minmay_misc_feat_encased, hangedman_glass_teeth,
          trog_three_pillars_becter, serial_bayou_shore_b
Depths:2: nicolae_hitomezashi [nicolae_hito_row, nicolae_hito_row,
          nicolae_hito_row, nicolae_hito_row, nicolae_hito_row,
          nicolae_hito_row, nicolae_hito_row, nicolae_hito_row,
          nicolae_hito_row, nicolae_hito_row, nicolae_hito_row,
          nicolae_hito_row, nicolae_hito_row, nicolae_hito_row,
          nicolae_hito_row, nicolae_hito_row, nicolae_hito_row,
          nicolae_hito_row], layout_basic, grunt_pan_entry_spiral,
          minmay_staircase_bubble, serial_shops, shop, hell_entry,
          kennysheep_nondecorative_pillar, uniq_norris
Depths:3: minmay_the_grid_triangle_9x9_line_8_mashed
          [minmay_the_grid_triangle_9x9_skeleton,
          minmay_the_grid_triangle_9x9_corruption,
          minmay_the_grid_triangle_9x9_cache,
          minmay_the_grid_triangle_9x9_sprig,
          minmay_the_grid_triangle_9x9_thin_v,
          minmay_the_grid_triangle_9x9_stretched_checkered,
          minmay_the_grid_triangle_9x9_impossible_snake,
          minmay_the_grid_triangle_9x9_prize_schism], layout_gridlike,
          regret_index_xom_buried_treasure, hell_entry, abyss_entry,
          uniq_margery, uniq_grunn, uniq_mara
Depths:4: grunt_zot_entry_alcove, layout_gridlike, grunt_mini_vestibule
Zot:1:    grunt_zot_stairs_mandelzot, layout_basic, door_vault
Zot:2:    kennysheep_blocky_room, layout_basic
Zot:3:    layout_cathedral_of_symmetry, regret_index_zotdec_tunneler,
          hellmonk_ghost_happy_afterlife
Zot:4:    layout_onion_interference, guppyfry_library_mini, grunt_megastairs_2
Zot:5:    layout_gridlike, regret_index_zotdec_onion_hex, drop_trap

Skill      XL: |  1  2  3  4  5  6  7  8  9 10 11 12 13 14 15 16 17 18 19 20 21 22 23 24 25 26 27 |
---------------+----------------------------------------------------------------------------------+-----
Spellcasting   | 4 5 6 7 8 10 11 12 14 15 16 17 18 20 21 22 24 25 26 27 | 27.0
Conjurations   | 4 5 6 7 8 10 11 12 14 15 16 17 18 20 21 22 24 25 26 27 | 27.0
Hexes          | 4 5 6 7 8 10 11 12 14 15 16 17 18 20 21 22 24 25 26 27 | 27.0
Summonings     | 4 5 6 7 8 10 11 12 14 15 16 17 18 20 21 22 24 25 26 27 | 27.0
Necromancy     | 4 5 6 7 8 10 11 12 14 15 16 17 18 20 21 22 24 25 26 27 | 27.0
Translocations | 4 5 6 7 8 10 11 12 14 15 16 17 18 20 21 22 24 25 26 27 | 27.0
Fire Magic     | 4 5 6 7 8 10 11 12 14 15 16 17 18 20 21 22 24 25 26 27 | 27.0
Ice Magic      | 4 5 6 7 8 10 11 12 14 15 16 17 18 20 21 22 24 25 26 27 | 27.0
Air Magic      | 4 5 6 7 8 10 11 12 14 16 17 18 19 20 22 24 25 27 | 27.0
Earth Magic    | 4 5 6 7 8 10 11 12 14 15 16 17 18 20 21 22 24 25 26 27 | 27.0
Alchemy        | 4 5 6 7 8 10 11 12 14 15 16 17 18 20 21 22 24 25 26 27 | 27.0
Fighting       | 4 7 8 9 10 12 14 15 18 20 23 | 23.9
Dodging        | 5 |  5.0
Invocations    | 3 6 8 9 |  9.6
Evocations     | 3 6 8 10 13 14 15 | 15.0
Shields        | 8 11 13 14 15 17 20 23 25 | 25.9
Stealth        | |  1.5

Action                     |  1- 3 |  4- 6 |  7- 9 | 10-12 | 13-15 | 16-18 | 19-21 | 22-24 | 25-27 || total
---------------------------+-------+-------+-------+-------+-------+-------+-------+-------+-------++-------
  Melee: Dagger            |     1 |       |       |       |       |       |       |       |       ||     1
         Staff             |       |       |     1 |     4 |       |       |       |     1 |     3 ||     9
   Cast: Sting             |    72 |   115 |       |       |       |       |       |       |       ||   187
         Mercury Vapours   |       |     1 |       |       |       |       |       |       |       ||     1
         Mephitic Cloud    |       |     8 |     7 |    10 |       |     1 |       |       |       ||    26
         Searing Ray       |       |     1 |       |       |       |       |       |       |       ||     1
         Stone Arrow       |       |       |   123 |   230 |   162 |    11 |    13 |       |       ||   539
         Olgreb's Toxic Ra |       |       |     8 |    11 |    82 |    14 |    18 |    58 |    16 ||   207
         Ignite Poison     |       |       |       |    10 |    83 |    17 |    17 |    61 |    18 ||   206
         Metabolic Englaci |       |       |       |       |     4 |       |       |       |       ||     4
         Conjure Ball Ligh |       |       |       |       |    85 |   258 |   196 |       |       ||   539
         Malign Gateway    |       |       |       |       |       |       |     1 |       |       ||     1
         Lehudib's Crystal |       |       |       |       |       |       |   112 |   354 |   200 ||   666
         Discord           |       |       |       |       |       |       |       |    17 |    30 ||    47
         Dispersal         |       |       |       |       |       |       |       |       |     2 ||     2
         Chain Lightning   |       |       |       |       |       |       |       |       |   337 ||   337
 Invoke: Recall Ancestor   |       |       |       |     7 |     1 |     3 |     4 |     4 |     6 ||    25
         Transference      |       |       |       |     6 |       |     1 |     1 |       |     1 ||     9
         Ancestor Life: Kn |       |       |       |     1 |       |       |       |       |       ||     1
         Idealise          |       |       |       |       |       |     6 |     8 |     5 |    17 ||    36
  Evoke: Lightning rod     |       |       |       |       |       |     1 |       |       |       ||     1
         Phial of floods   |       |       |       |       |       |     1 |       |       |       ||     1
    Use: Scroll            |       |       |       |    15 |     5 |     6 |     2 |    12 |    10 ||    50
         Potion            |       |       |       |       |       |     2 |     5 |    16 |    18 ||    41
 Armour: Robe              |     3 |    15 |     2 |       |       |    12 |     8 |   123 |   186 ||   349
         Ring mail         |       |       |    11 |    60 |   150 |   289 |   330 |       |       ||   840
         Skin              |       |       |       |       |       |       |       |       |     3 ||     3
  Dodge: Dodged            |    11 |    19 |    12 |    45 |    66 |     9 |    15 |    34 |    21 ||   232
         Repelled          |       |       |       |       |       |     3 |     2 |     5 |     4 ||    14
  Block: Buckler           |       |       |       |       |     3 |       |       |       |       ||     3
         Kite shield       |       |       |       |       |       |   115 |   196 |   159 |    93 ||   563
         Reflection        |       |       |       |       |       |       |     3 |    19 |       ||    22

Table legend: (Time is in decaauts)
 A = Elapsed time spent in this place.
 B = Non-inter-level travel time spent in this place.
 C = Inter-level travel time spent in this place.
 D = Time resting spent in this place.
 E = Time spent auto-exploring this place.
 F = Levels seen in this place.
 G = Mean time per level.
                   A        B        C        D        E       F      G
               +--------+--------+--------+--------+--------+-----+--------+
         Total |  86167 |  79560 |   6607 |  23013 |  41508 |  55 | 1566.7 |
       Dungeon |  21316 |  18492 |   2824 |   3990 |  11763 |  15 | 1421.1 |
        Temple |     12 |     12 |      0 |      0 |      0 |   1 |   12.0 |
          Lair |   9121 |   8460 |    661 |   2279 |   5157 |   5 | 1824.2 |
        Shoals |   6702 |   6243 |    459 |   2663 |   2623 |   4 | 1675.5 |
     Snake Pit |  11121 |  10595 |    526 |   4998 |   4030 |   4 | 2780.2 |
    Slime Pits |    960 |    879 |     81 |    303 |    202 |   5 |  192.0 |
  Orcish Mines |   4789 |   4518 |    271 |   1910 |   1907 |   2 | 2394.5 |
   Elven Halls |   3899 |   3740 |    159 |    527 |   2250 |   3 | 1299.7 |
        Vaults |  13486 |  12625 |    861 |   3010 |   6622 |   5 | 2697.2 |
        Depths |   5026 |   4572 |    454 |    536 |   2994 |   4 | 1256.5 |
           Zot |   6824 |   6518 |    306 |   1704 |   3598 |   5 | 1364.8 |
        Wizlab |    743 |    743 |      0 |    159 |    336 |   1 |  743.0 |
      Gauntlet |   2161 |   2161 |      0 |    934 |     26 |   1 | 2161.0 |
               +--------+--------+--------+--------+--------+-----+--------+

Top non-repeatable levels by time:
Vaults:1: 4217 daAuts
 Snake:3: 4174 daAuts
    D:14: 2983 daAuts
   Orc:2: 2825 daAuts
Vaults:3: 2694 daAuts
  Lair:5: 2585 daAuts
Vaults:2: 2573 daAuts
  Lair:3: 2518 daAuts
Shoals:1: 2468 daAuts
 Snake:4: 2407 daAuts
 Snake:1: 2392 daAuts
Vaults:4: 2286 daAuts
Shoals:3: 2226 daAuts
Gauntlet: 2161 daAuts
    D:11: 2149 daAuts
